 Dungeon Crawl Stone Soup version 0.25-a0-289-g406d6369f5 (webtiles) character file.

Game seed: 17420740796511947978, levelgen mode: deterministic

35 MoonlitKnight the Skirmisher (level 3, 0/29 HPs)
             Began as a Demonspawn Abyssal Knight on Dec 12, 2019.
             Was a Believer of Lugonu.
             Slain by a kobold (1 damage)
             ... on level 2 of the Dungeon.
             The game lasted 00:02:31 (1047 turns).

MoonlitKnight the Skirmisher (DsAK)                 Turns: 1047, Time: 00:02:33

Health: 0/29       AC:  3    Str: 13    XL:     3   Next: 17%
Magic:  0/4        EV: 11    Int: 18    God:    Lugonu [**....]
Gold:   64         SH:  0    Dex: 12    Spells: 2/2 levels left

rFire    . . .     SeeInvis .   a - +1 falchion
rCold    . . .     Gourm    .   (no shield)
rNeg     . . .     Faith    .   b - +0 leather armour
rPois    .         Spirit   +   (no helmet)
rElec    .         Reflect  .   (no cloak)
rCorr    .         Harm     .   (no gloves)
MR       .....                  (no boots)
Stlth    +.........             (no amulet)
HPRegen  0.09/turn              d - +5 ring of intelligence
MPRegen  0.09/turn              (no ring)

@: lethally poisoned (0 -> -8), drained
A: hooves 1, magic shield
a: Depart the Abyss, Bend Space, Renounce Religion


You were on level 2 of the Dungeon.
You worshipped Lugonu.
Lugonu was pleased with you.
You were hungry.

You visited 1 branch of the dungeon, and saw 2 of its levels.
You visited the Abyss 1 time.

You collected 64 gold pieces.

Inventory:

Hand Weapons
 a - a +1 falchion (weapon)
 f - a +0 hunting sling
Missiles
 k - 17 sling bullets
Armour
 b - a +0 leather armour (worn)
Jewellery
 d - a +5 ring of intelligence (left hand)
Wands
 o - a wand of disintegration (10)
Scrolls
 i - 2 scrolls of noise {unknown}
 l - a scroll of fear {unknown}
 n - a scroll of enchant weapon {unknown}
Potions
 e - a potion of cancellation {unknown}
 g - a potion of curing {unknown}
 h - 2 potions of degeneration {unknown}
 j - 2 potions of flight {unknown}
Comestibles
 c - a ration
 m - 5 chunks of flesh


   Skills:
 + Level 3.4(2.8) Fighting
 + Level 2.4(1.8) Long Blades
 + Level 2.3(1.8) Armour
 - Level 0.8(0.3) Dodging
 + Level 2.5(1.9) Invocations


You had 2 spell levels left.
You didn't know any spells.
Your spell library was empty.

Dungeon Overview and Level Annotations

Branches:
Dungeon (2/15)

Altars:
Ashenzari


Innate Abilities, Weirdness & Mutations

You have large cloven feet.
When hurt, damage is shared between your health and your magic reserves.


Message History

The adder is severely wounded.
* * * LOW HITPOINT WARNING * * *
You feel sick. The kobold barely misses you.
You riposte.
You completely miss the kobold. The adder bites you.
* * * LOW HITPOINT WARNING * * *
Unknown command.
You hit the adder.
The adder is almost dead.
* * * LOW HITPOINT WARNING * * *
You feel sick. The adder misses you.
You riposte.
You hit the adder.
You kill the adder!
Lugonu accepts your kill.
You have reached level 3!
Your experience leads to an increase in your attributes!
Your base attributes are Str 12, Int 13, Dex 12.
Increase (S)trength, (I)ntelligence, or (D)exterity?
You feel stronger.
Your demonic ancestry asserts itself...
You feel your magical essence form a protective shroud around your flesh.
The kobold barely misses you. The dart slug bites you. The kobold hits you.
You die...

##........ #.# ..
##..#....#.# #.# ...
#........#.# ##..
..####........#.# ##...
###...........##.###....
............####.##.)###
............#.#......#
.........##<#........###
......w@......#.........
......wKr#..#.#.........
............รท.......#...
............#.#.....#...
.....#....###...########
...#.#....# ###.#
.......#### #.# .......
#.. .. ##>.


You could see a worm, a dart slug, a kobold and a rat.

Vanquished Creatures
  An adder (D:2)
  A giant cockroach (D:1)
  2 goblins
  5 hobgoblins
  7 bats
  2 frilled lizards (D:1)
  4 kobolds (D:1)
  4 rats (D:1)
26 creatures vanquished.

Notes
Turn   | Place    | Note
-------+----------+-------------------------------------------
     0 | Abyss:1  | MoonlitKnight the Demonspawn Abyssal Knight began the quest
                  | for the Orb.
     0 | Abyss:1  | Reached XP level 1. HP: 18/18 MP: 2/2
   125 | D:1      | Escaped the Abyss
   331 | D:1      | Gained mutation: You have large cloven feet. [demonic
                  | ancestry]
   331 | D:1      | Reached XP level 2. HP: 21/24 MP: 3/3
   535 | D:1      | Found a shattered altar of Ashenzari.
  1004 | D:2      | Reached ** piety under Lugonu
  1047 | D:2      | HP: 1/24 [poisoned by an adder]
  1047 | D:2      | Gained mutation: When hurt, damage is shared between your
                  | health and your magic reserves. [demonic ancestry]
  1047 | D:2      | Reached XP level 3. HP: 1/29 MP: 4/4
  1047 | D:2      | Slain by a kobold

Levels and vault maps discovered:
D:1:      lightli_arrival_chessboard, layout_loops_ring, evilmike_ruin_ashenzari
D:2:      layout_rooms, first_ration

Skill      XL: |  1 |
---------------+----+-----
Long Blades    | 2 |  2.4
Armour         | 2 |  2.3
Fighting       | |  3.4
Dodging        | |  0.8
Invocations    | |  2.5

Action                   || total
-------------------------++-------
Melee: Falchion          ||    64
       Kick              ||     6
Armor: Leather armour    ||    31
Dodge: Dodged            ||    68
       Rpst.: Falchion   ||    24

Table legend:
 A = Non-vault XP
 B = Vault XP
 C = Vault XP percentage of total XP
 D = Non-vault monster count
 E = Vault monster count
 F = Vault count percentage of total count
                 A         B        C        D         E       F
            +---------+---------+-------+---------+---------+-------
      Total |      51 |       0 |   0.0 |      26 |       0 |   0.0
            +---------+---------+-------+---------+---------+-------
        D:1 |      30 |       0 |   0.0 |      20 |       0 |   0.0
        D:2 |      21 |       0 |   0.0 |       6 |       0 |   0.0
            +---------+---------+-------+---------+---------+-------
